 Dungeon Crawl Stone Soup version 0.27-a0-1232-gc6a4cbde82 (webtiles) character file.

Game seed: 10461057087475136474

3535 funkygono the Tainter (level 10, -1/67 HPs)
             Began as a Formicid Venom Mage on June 8, 2021.
             Was a Follower of Vehumet.
             Slain by a yak (4 damage)
             ... summoned by an orange crystal statue
             ... on level 8 of the Dungeon on June 9, 2021.
             The game lasted 00:24:14 (9485 turns).

funkygono the Tainter (Formicid Venom Mage)         Turns: 9485, Time: 00:24:15

Health: -1/67      AC: 12    Str: 13      XL:     10   Next: 29%
Magic:  23/23      EV: 12    Int: 21 (22) God:    Vehumet [*.....]
Gold:   495        SH:  5    Dex: 11      Spells: 3/27 levels left

rFire    + . .     SeeInvis +   d - +1 triple sword (elec)
rCold    x . .     Faith    .   (no shield)
rNeg     . . .     Spirit   .   a - +0 robe
rPois    +         Reflect  +   (helmet unavailable)
rElec    .         Harm     .   o - +2 cloak {rCorr}
rCorr    +         Rampage  .   f - +2 pair of gloves {archery}
Will     ++...                  (no boots)
Stlth    ++........             r - amulet of reflection
HPRegen  0.21/turn              I - ring of Gackidd {Fire rPois Will+ Int+4}
MPRegen  0.18/turn              m - +4 ring of protection

@: no status effects
A: permanent stasis, dig shafts and tunnels, antennae 3, four strong arms
a: Dig, Shaft Self, Renounce Religion


You were on level 8 of the Dungeon.
You worshipped Vehumet.
Vehumet was aware of your devotion.
You visited 2 branches of the dungeon, and saw 9 of its levels.
You also visited: Ossuary.

You collected 495 gold pieces.

Inventory:

Hand Weapons
 d - a +1 triple sword of electrocution (weapon)
 n - a +4 quarterstaff of chaos
 E - a +0 whip of flaming
 H - a +2 whip of electrocution
Missiles
 h - 115 stones
 p - 2 throwing nets
Armour
 a - a +0 robe (worn)
 f - a +2 pair of gloves of archery (worn)
 o - a +2 cloak of preservation (worn)
 w - a scarf of harm
 x - a +0 leather armour
 C - a +0 buckler
 G - a +0 ring mail of fire resistance
Magical Staves
 c - a staff of earth
Jewellery
 k - a ring of wizardry
 m - a +4 ring of protection (right hand)
 r - an amulet of reflection (around neck)
 v - an amulet of faith
 z - a +6 ring of strength
 I - the ring of Gackidd (left hand) {Fire rPois Will+ Int+4}
   (You found it on level 7 of the Dungeon)

   [ring of fire]

   It enhances your fire magic.
   It affects your intelligence (+4).
   It protects you from fire.
   It makes you vulnerable to cold.
   It protects you from poison.
   It increases your willpower.
Wands
 y - a wand of paralysis (8)
 B - a wand of polymorph (4)
 F - a wand of charming (4)
Scrolls
 b - a scroll of enchant weapon
 J - a scroll of holy word {unknown}
 K - 4 scrolls of fear {unknown}
 L - a scroll of magic mapping
 M - a scroll of noise {unknown}
 N - a scroll of amnesia {unknown}
Potions
 e - 6 potions of curing
 g - a potion of heal wounds
 i - a potion of ambrosia {unknown}
 j - a potion of lignification {unknown}
 q - 2 potions of flight
 s - 2 potions of magic
 t - a potion of invisibility {unknown}
 u - 2 potions of brilliance
 A - a potion of mutation {unknown}
 D - 2 potions of might {unknown}


   Skills:
 + Level 2.2 Fighting
 + Level 4.2 Long Blades
 + Level 2.6 Dodging
 - Level 2.4 Stealth
 + Level 0.4 Shields
 * Level 9.0 Spellcasting
 * Level 2.9 Conjurations
 + Level 3.6 Transmutations
 * Level 5.3 Fire Magic
 + Level 9.1 Poison Magic


You had 3 spell levels left.
You knew the following spells:

 Your Spells              Type           Power      Damage    Failure   Level
a - Sting                 Tmut/Pois      100%       1d8       1%          1
b - Poisonous Vapours     Pois/Air       56%        N/A       1%          2
c - Ignite Poison         Fire/Tmut/Pois 51%        N/A       1%          3
d - Olgreb's Toxic Radia  Pois           47%        N/A       1%          4
e - Foxfire               Conj/Fire      100%       2x1d9     1%          1
f - Sticky Flame          Conj/Fire      40%        2d6       13%         4
g - Mephitic Cloud        Conj/Pois/Air  26%        N/A       4%          3
h - Fireball              Conj/Fire      20%        3d10      34%         5
i - Freeze                Ice            36%        1d6       7%          1

Your spell library contained the following spells:

 Spells                   Type           Power      Damage    Failure   Level
 Conjure Flame            Conj/Fire      40%        6-21      3%          3
 Inner Flame              Hex/Fire       31%        N/A       7%          3
 Cause Fear               Hex            4%         N/A       56%         4
 Yara's Violent Unravell  Hex/Tmut       8%         3d5       67%         5
 Silence                  Hex/Air        4%         N/A       89%         5
 Discord                  Hex            4%         N/A       100%        8


Dungeon Overview and Level Annotations

Branches:
Dungeon (8/15)             Temple (1/1) D:7         Ossuary (visited)
   Lair: D:8-11

Altars:
Ashenzari
Elyvilon
Fedhas
Gozag
Kikubaaqudgha
Makhleb
Nemelex Xobeh
Okawaru
Qazlal
Ru
Sif Muna
Trog
Uskayaw
Vehumet
Wu Jian
Xom

Shops:
D:3 =*(*=   D:6 (

Annotations:
D:5 3 runed translucent doors, Nosferatu13666's ghost, amateur DsAK
D:8 exclusion: orange crystal statue


Innate Abilities, Weirdness & Mutations

You cannot be hasted, slowed, berserked, paralysed or teleported.
You can dig through walls and to a lower floor.
You have a pair of large antennae on your head. (SInv)
Your four strong arms can wield two-handed weapons with a shield.


Message History

You hit the orange crystal statue but do no damage.
The orange crystal statue is severely damaged.
You block the yak's attack. The yak closely misses you.
You riposte.
You hit the yak.
The yak is lightly wounded.
The yak gores you.
* * * LOW HITPOINT WARNING * * *
The orc priest looks braver for a moment.
The yak gores you but does no damage. The yak barely misses you.
You feel much better.
The orc priest hits you but does no damage.
The yak barely misses you.
You riposte.
You hit the yak. Lightning courses through the yak!!
The yak is heavily wounded.
You block the yak's attack. The yak barely misses you. x2
The orange crystal statue glitters.
You resist with almost no effort. The yak gores you.
You slash the orange crystal statue!
The orange crystal statue is almost destroyed.
The orc priest closely misses you.
You riposte.
You hit the orc priest but do no damage.
Lightning courses through the orc priest!!
You kill the orc priest!
The orc priest's corpse dissolves into shadows!
The yak gores you but does no damage. x2; You block the yak's attack. x2
The orange crystal statue glitters topaz in the dim dungeon light.
The yak gores you but does no damage. The yak gores you.
* * * LOW HITPOINT WARNING * * *
The yak barely misses you. The yak gores you but does no damage.
The yak gores you!
* * * LOW HITPOINT WARNING * * *
The orange crystal statue fixes its piercing gaze on you.
Something tries to feed on your intellect!
The yak misses you.
You hit the orange crystal statue.
The orange crystal statue is almost destroyed.
The yak gores you!
* * * LOW HITPOINT WARNING * * *
The yak gores you.
You die...

###(.# { #$#..# ##....# #
#...... ##.....#.#
#########......##......#.#
#.......#.....##.........#
+.......#....##.o........#..
#.......#...##.YYY.#..##....
#.......#...#?o8@.##........
........##..##YYY##..###....
...#.........##?##..........
##........!#..###.>#########
###+.......##..#..##
...#........##...##
.>.##.......######
...##.......# #####.......#


You could see an orange crystal statue, 6 yaks, an orc wizard (summoned,
invisible) and an orc (summoned).

Vanquished Creatures
  Pikel (D:6)
  5 yaks (D:7)
  A steam dragon (D:7)
  Menkaure (Ossuary)
  Edmund (D:6)
  Duvessa (D:6)
  A black bear (D:6)
  An ice beast (D:7)
  An orc warrior (D:6)
  3 ogres
  A centaur (D:7)
  4 lemures (D:6)
  A phantom (D:6)
  3 bullfrogs
  A scorpion (D:6)
  A water moccasin skeleton (D:6)
  Dowan (D:6)
  3 killer bees (D:8)
  A howler monkey (D:6)
  3 centaur zombies
  A jelly (D:6)
  2 bullfrog skeletons
  Crazy Yiuf (D:2)
  A hound (D:4)
  3 iguanas
  2 orc wizards
  A scorpion zombie (D:5)
  3 hound skeletons
  3 mummies (Ossuary)
  2 howler monkey zombies
  8 adders
  A shadow imp (D:6)
  3 white imps
  An adder skeleton (D:4)
  A worm (D:3)
  A dart slug (D:3)
  8 orcs
  2 bats
  3 endoplasms
  3 giant cockroaches
  2 gnoll zombies (Ossuary)
  2 goblins
  6 hobgoblins
  4 jackals (D:2)
  3 quokkas
  9 ball pythons
  5 frilled lizards
  6 gnoll skeletons (Ossuary)
  4 goblin skeletons (Ossuary)
  5 goblin zombies (Ossuary)
  A hobgoblin skeleton (Ossuary)
  3 hobgoblin zombies (Ossuary)
  5 kobolds
  5 kobold skeletons (Ossuary)
  5 kobold zombies (Ossuary)
  5 orc skeletons (Ossuary)
  6 orc zombies (Ossuary)
  5 rats
  3 rat skeletons (Ossuary)
  4 rat zombies (Ossuary)
173 creatures vanquished.

Vanquished Creatures (others)
  A rat skeleton (Ossuary)
  227 foxfires
  2 fungi (D:5)
  2 plants (D:5)
232 creatures vanquished.

Grand Total: 405 creatures vanquished

Notes
Turn   | Place    | Note
-------+----------+-------------------------------------------
     0 | D:1      | funkygono the Formicid Venom Mage began the quest for the
                  | Orb.
     0 | D:1      | Reached XP level 1. HP: 13/13 MP: 3/3
   299 | D:1      | Reached XP level 2. HP: 19/19 MP: 1/5
   355 | D:1      | Learned a level 2 spell: Poisonous Vapours
   982 | D:1      | Identified 3 scrolls of acquirement
   982 | D:1      | Acquired a +0 triple sword of electrocution
   987 | D:1      | Acquired a book of Flames
   991 | D:1      | Acquired a +1 pair of gloves of archery
  1052 | D:2      | Reached XP level 3. HP: 24/24 MP: 3/6
  1054 | D:2      | Learned a level 1 spell: Foxfire
  1344 | D:2      | Found a runed translucent door.
  1345 | D:2      | Noticed Crazy Yiuf
  2062 | D:2      | Found a faded altar of an unknown god.
  2268 | D:2      | Reached XP level 4. HP: 31/31 MP: 6/8
  2435 | D:2      | Killed Crazy Yiuf
  2436 | D:2      | Reached skill level 1 in Fire Magic
  2436 | D:2      | Reached skill level 5 in Poison Magic
  2539 | D:2      | Acquired a +4 ring of protection
  2548 | D:2      | Learned a level 3 spell: Ignite Poison
  2834 | D:3      | Found Zaamyag's Jewellery Shoppe.
  2851 | D:3      | Found Xohooter's Assorted Antiques.
  2904 | D:3      | Found Wabeup's Antique Weapon Boutique.
  2931 | D:3      | Reached XP level 5. HP: 36/36 MP: 5/9
  2973 | D:3      | Found Wiqy's Assorted Antiques.
  3142 | D:3      | Found an ornate altar of the Wu Jian Council.
  3517 | D:3      | Found Pydghual's Jewellery Emporium.
  3703 | D:4      | Noticed an ogre
  3712 | D:4      | Killed an ogre
  3713 | D:4      | Reached skill level 1 in Long Blades
  3713 | D:4      | Reached XP level 6. HP: 37/42 MP: 2/11
  3752 | D:4      | Learned a level 4 spell: Olgreb's Toxic Radiance
  4687 | D:4      | You fall into a shaft and drop 2 floors!
  4739 | D:6      | Found Kowecw's Antique Weapon Emporium.
  4761 | D:6      | Reached XP level 7. HP: 42/47 MP: 3/13
  4922 | D:5      | Entered Level 5 of the Dungeon
  4922 | D:5      | Noticed a +0 spear
  4922 | D:5      | Noticed a +0 falchion
  4922 | D:5      | Noticed a +0 short sword
  4922 | D:5      | Noticed a +0 dagger
  4922 | D:5      | Noticed a +0 spear
  4922 | D:5      | Noticed a +0 dagger
  4922 | D:5      | Noticed a +0 falchion
  4922 | D:5      | Noticed a +0 short sword
  4942 | D:5      | Found a hide-covered altar of Uskayaw.
  4951 | D:5      | Reached skill level 1 in Fighting
  5080 | D:5      | Found a runed translucent gate.
  5080 | D:5      | Found a runed translucent gate.
  5080 | D:5      | Found a runed translucent gate.
  5080 | D:5      | Noticed Nosferatu13666's ghost (amateur DsAK)
  5179 | D:5      | Reached skill level 1 in Conjurations
  5376 | D:5      | Reached XP level 8. HP: 54/54 MP: 7/15
  6207 | D:4      | Learned a level 4 spell: Sticky Flame
  6493 | D:6      | Noticed Duvessa
  6494 | D:6      | Noticed Dowan
  6502 | D:6      | Killed Dowan
  6503 | D:6      | Reached skill level 5 in Spellcasting
  6507 | D:6      | Killed Duvessa
  6610 | D:6      | Noticed Edmund
  6611 | D:6      | Noticed Pikel
  6616 | D:6      | Killed Edmund
  6811 | D:6      | Reached XP level 9. HP: 61/61 MP: 0/18
  7008 | D:6      | Killed Pikel
  7330 | D:6      | Found an iron altar of Okawaru.
  7364 | D:6      | Found a blossoming altar of Fedhas.
  7397 | D:6      | Upgraded the game from 0.27-a0-1228-gfd60fd639a to
                  | 0.27-a0-1232-gc6a4cbde82
  7861 | D:7      | Reached XP level 10. HP: 62/67 MP: 4/22
  8037 | D:7      | Found a staircase to the Ecumenical Temple.
  8046 | Temple   | Entered the Ecumenical Temple
  8097 | Temple   | Became a worshipper of Vehumet
  8142 | D:7      | Reached skill level 5 in Fire Magic
  8146 | D:7      | Learned a level 3 spell: Mephitic Cloud
  8368 | D:7      | Identified the ring of Gackidd {Fire rPois Will+ Int+4}
  8577 | D:7      | Learned a level 5 spell: Fireball
  8634 | D:8      | Found a sand-covered staircase.
  8724 | Ossuary  | Entered an ossuary
  8986 | Ossuary  | Reached * piety under Vehumet
  8986 | Ossuary  | Offered knowledge of Freeze by Vehumet.
  8990 | Ossuary  | Learned a level 1 spell: Freeze
  9193 | Ossuary  | Noticed Menkaure
  9198 | Ossuary  | Killed Menkaure
  9470 | D:8      | Noticed an orange crystal statue
  9482 | D:8      | HP: 2/67 [yak[an orange crystal statue] (3)]
  9485 | D:8      | Slain by a yak

Illustrated notes

Levels and vault maps discovered:
D:1:      shiori_shiawase, layout_basic, minmay_3d_cube
D:2:      layout_basic, hellmonk_ecumenical_altar_run_dry,
          uniq_crazy_yiuf_cottage
D:3:      layout_basic, pdpol_wu_jian_five_deadly_venoms, serial_shops, shop,
          shop, shop, shop, shop, grunt_ministairs_6
D:4:      layout_layer_cave
D:5:      layout_loops_ring, nicolae_uskayaw_en_pointe,
          gammafunk_ghost_nasty_kobolds, portal_sewer_entry_d,
          hangedman_abyss_or_decor_stabs
D:6:      layout_basic, lemuel_round_altar, fedhas_altar_fruit_tree,
          serial_shops, shop, uniq_duvessa, uniq_edmund, uniq_pikel
D:7:      layout_rooms, minmay_temple_entry_tees
D:8:      minmay_separated_statues, layout_basic, kennysheep_mini,
          nicolae_ossuary_entry_false_entrances, grunt_decor_fettered,
          minivault_5, uniq_erica, uniq_maggie
Temple:   minmay_temple_bridge_abc

Skill      XL: |  1  2  3  4  5  6  7  8  9 10 |
---------------+-------------------------------+-----
Fire Magic     | 1 2 3 4 5 |  5.3
Poison Magic   | 5 6 7 8 9 |  9.1
Transmutations | 2 3 |  3.6
Spellcasting   | 3 4 6 8 9 |  9.0
Long Blades    | 1 2 3 4 |  4.2
Dodging        | 2 |  2.6
Fighting       | 1 2 |  2.2
Conjurations   | 1 2 |  2.9
Stealth        | |  2.4
Shields        | |  0.4

Action                   |  1- 3 |  4- 6 |  7- 9 | 10-12 || total
-------------------------+-------+-------+-------+-------++-------
Melee: Club              |    16 |       |       |       ||    16
       Triple sword      |    16 |    30 |    41 |    45 ||   132
 Cast: Sting             |    36 |    33 |    18 |     6 ||    93
       Poisonous Vapours |     3 |     4 |       |       ||     7
       Foxfire           |     2 |    28 |    45 |    60 ||   135
       Ignite Poison     |       |     2 |    12 |     2 ||    16
       Olgreb's Toxic Ra |       |       |    18 |     3 ||    21
       Sticky Flame      |       |       |     2 |     3 ||     5
  Use: Scroll            |     5 |     4 |     3 |     5 ||    17
       Potion            |       |       |       |     2 ||     2
 Stab: Invisible         |       |     2 |       |       ||     2
Armor: Robe              |    11 |    15 |    28 |    20 ||    74
Dodge: Dodged            |    28 |    36 |    38 |    33 ||   135
Block: Other             |       |     8 |    15 |    24 ||    47
       Reflection        |       |       |     1 |       ||     1
       Rpst.: Triple sword |     7 |    13 |    13 |    11 ||    44

Table legend: (Time is in decaauts)
 A = Elapsed time spent in this place.
 B = Non-inter-level travel time spent in this place.
 C = Inter-level travel time spent in this place.
 D = Time resting spent in this place.
 E = Time spent auto-exploring this place.
 F = Levels seen in this place.
 G = Mean time per level.
                   A        B        C        D        E       F      G
               +--------+--------+--------+--------+--------+-----+--------+
         Total |   9599 |   9433 |    166 |    348 |   7527 |  10 |  959.9 |
       Dungeon |   8803 |   8658 |    145 |    348 |   7096 |   8 | 1100.4 |
        Temple |     72 |     51 |     21 |      0 |     45 |   1 |   72.0 |
       Ossuary |    723 |    723 |      0 |      0 |    386 |   1 |  723.0 |
               +--------+--------+--------+--------+--------+-----+--------+

Top non-repeatable levels by time:
     D:2: 1563 daAuts
     D:4: 1455 daAuts
     D:5: 1386 daAuts
     D:3: 1125 daAuts
     D:7: 1038 daAuts
     D:1: 1021 daAuts
     D:6: 1021 daAuts
 Ossuary: 723 daAuts
     D:8: 192 daAuts
  Temple: 72 daAuts
